Map: Blackpink LE

Players

Lothnam - Winner!

  • Race: Terran Terran
  • League: Master
  • Spawn Location: 1:00

Maya

  • Race: Zerg Zerg
  • League: Master
  • Spawn Location: 7:00

VOD

Have the link to the VOD?

Description

Time

  • Played on: Dec. 29, 2017, 6:50 a.m.
  • Length: 26:02
Show
View Real Time Build Order
Export as new Build Order

Lothnam Terran - Winner!

Build Orders: Reaper Expand, Mech 

Get SALT Encoding   

  12  0:00  SCV  
  13  0:13  SCV  
  14  0:17  Supply Depot  
  14  0:25  SCV  
  15  0:39  SCV  
  15  0:40  Barracks  
  16  0:46  Refinery  
  16  0:51  SCV  
  17  1:03  SCV  
  18  1:15  SCV  
  19  1:27  Orbital Command  
  19  1:29  Reaper  
  20  1:42  Command Center  
  20  1:52  SCV  
  21  2:01  Refinery  
  21  2:02  Barracks Reactor  
  21  2:03  Supply Depot  
  21  2:05  SCV  
  22  2:17  SCV  
  23  2:23  Factory  
  23  2:29  SCV  
  24  2:39  Marine x2  
  24  2:41  SCV  
  27  2:51  Factory  
  27  2:53  SCV  
  27  2:54  Orbital Command  
  28  3:05  SCV  
  28  3:11  Barracks Reactor  
  31  3:13  Hellion  
  31  3:14  Hellion  
  31  3:18  SCV  
  34  3:20  SCV  
  34  3:26  Supply Depot  
  35  3:30  SCV  
  35  3:32  SCV  
  40  3:34  Cyclone  
  40  3:39  Cyclone  
  43  3:42  SCV  
  44  3:48  Supply Depot  
  44  3:49  SCV  
  44  3:54  SCV  
  48  3:56  Hellion  
  48  3:59  Cyclone  
  48  4:01  SCV  
  52  4:06  Hellion  
  54  4:10  SCV  
  54  4:11  Hellion  
  54  4:13  Supply Depot  
  57  4:17  SCV  
  57  4:18  Supply Depot  
  57  4:21  Cyclone  
  61  4:28  SCV  
  62  4:35  SCV  
  63  4:39  Hellion x2, Cyclone  
  63  4:40  Marine  
  71  4:45  Supply Depot  
  71  4:47  SCV  
  71  4:48  SCV  
  71  4:59  SCV  
  72  5:00  SCV  
  73  5:11  SCV  
  73  5:13  Command Center, Hellion  
  78  5:14  Hellion  
  78  5:19  Hellion  
  78  5:21  Hellion  
  82  5:35  Hellion x2  
  86  5:49  Armory  
  86  5:50  Armory  
  86  5:51  Factory  
  86  5:53  Supply Depot x2  
  86  5:56  Marine  
  89  5:57  SCV x2  
  89  6:04  Refinery  
  89  6:05  Refinery  
  89  6:09  SCV x2  
  91  6:11  Factory  
  91  6:12  Hellion  
  93  6:22  Hellion  
  93  6:23  Cyclone  
  93  6:25  SCV x2  
  100  6:29  Orbital Command  
  100  6:36  Supply Depot  
  100  6:38  Factory Tech Lab  
  100  6:39  Supply Depot  
  100  6:46  Terran Vehicle Weapons Level 1  
  100  6:47  Terran Vehicle And Ship Armor Level 1  
  100  6:59  Factory Tech Lab  
  100  7:00  Hellion  
  100  7:01  Hellion  
  107  7:04  Orbital Command  
  107  7:05  Thor  
  93  7:29  SCV  
  95  7:30  SCV x2  
  95  7:32  Siege Tank  
  95  7:33  Hellion x4  
  107  7:41  Starport  
  107  7:43  SCV x3  
  110  7:49  Refinery  
  110  7:53  Refinery, Infernal Pre-Igniter  
  110  7:54  Smart Servos  
  110  7:57  Hellion  
  114  7:58  Hellion  
  114  7:59  Hellion x4  
  114  8:01  SCV x2  
  114  8:03  SCV  
  115  8:14  Siege Tank x2  
  118  8:26  Hellion x2  
  126  8:27  Hellion x2  
  126  8:42  Supply Depot x2, Terran Vehicle Weapons Level 2  
  126  8:43  Supply Depot  
  126  8:44  Starport Reactor  
  126  8:46  Hellion, Siege Tank  
  131  8:49  SCV x2  
  133  8:59  Supply Depot  
  133  9:00  Supply Depot  
  133  9:04  SCV x3, Hellion x4  
  144  9:13  Supply Depot, Rapid Fire Launchers, Terran Vehicle And Ship Armor Level 2  
  144  9:14  Supply Depot  
  144  9:15  Siege Tank  
  144  9:16  SCV  
  148  9:19  Viking x2  
  152  9:31  Command Center  
  152  9:34  Supply Depot  
  152  9:37  Supply Depot  
  152  9:44  Siege Tank  
  155  9:47  Hellion, Siege Tank  
  155  9:50  Hellion  
  162  10:15  Hellion x4  
  162  10:16  Siege Tank  
  162  10:19  Siege Tank  
  176  10:23  Liberator x2  
  172  10:37  Hellion x4  
  184  10:43  Hellion x5  
  184  10:48  Siege Tank  
  187  10:51  Siege Tank  
  190  10:58  Hellion  
  174  11:24  Liberator x2  
  144  11:38  Siege Tank x2  
  144  11:39  Hellion x4  
  149  11:42  Terran Vehicle Weapons Level 3, Terran Vehicle And Ship Armor Level 3  
  126  12:01  Hellion  
  126  12:02  Hellion x3  
  128  12:09  Liberator, Factory x3  
  128  12:10  Siege Tank x2  
  128  12:14  SCV x3  
  132  12:16  Engineering Bay  
  123  12:23  Hellion x3  
  123  12:26  SCV  
  124  12:42  Siege Tank x2  
  128  12:49  SCV x3  
  128  12:50  Liberator  
  124  12:54  Hellion  
  124  12:55  Factory Tech Lab x2, Factory Reactor  
  124  12:56  Hellion x2  
  124  12:57  Hellion  
  130  13:01  SCV  
  134  13:14  Siege Tank  
  134  13:15  Siege Tank  
  134  13:16  Hellion  
  134  13:18  Hellion x2, Viking  
  145  13:21  Hellion x3  
  149  13:37  Hellion  
  143  13:44  Planetary Fortress  
  143  13:46  Thor, Siege Tank  
  143  13:47  Refinery, Hellion x3  
  143  13:48  Refinery, Hellion x3, Viking  
  164  13:51  Viking  
  165  14:12  Thor x2  
  165  14:13  Hellion x2  
  165  14:14  Hellion x4  
  174  14:18  Viking  
  174  14:21  Viking  
  164  14:34  Siege Tank x2  
  164  14:35  Hellion x3  
  176  14:48  Viking  
  176  14:50  Hellion x3  
  184  14:56  Hellion  
  180  15:11  SCV x2  
  180  15:12  SCV  
  180  15:13  Terran Ship Weapons Level 1  
  169  15:23  SCV x2  
  168  15:30  SCV  
  169  15:35  SCV  
  169  15:36  SCV  
  169  15:41  Thor, Hellion x4  
  169  15:42  Thor x2, Hellion, SCV  
  200  16:22  Hellion  
  200  16:30  Command Center  
  197  16:46  Refinery x2  
  191  16:49  Supply Depot  
  191  16:52  Command Center  
  191  16:55  Missile Turret  
  191  16:57  Missile Turret  
  191  16:58  Missile Turret  
  191  17:01  Missile Turret  
  157  17:30  Siege Tank  
  157  17:31  Hellion, Siege Tank x3  
  157  17:32  Hellion x4  
  167  17:50  Viking x2  
  171  18:02  Thor x2  
  171  18:03  Thor  
  189  18:12  Planetary Fortress  
  186  18:21  Viking x2  
  184  18:47  Siege Tank x2  
  184  18:48  Hellion x2, Siege Tank x2  
  188  18:49  Hellion x3  
  172  19:08  Hellion  
  129  19:10  Hellion  
  129  19:11  Hellion  
  114  19:19  Siege Tank  
  114  19:20  Siege Tank x2  
  113  19:25  Hellion x3  
  99  19:36  Planetary Fortress  
  93  19:43  Siege Tank  
  93  19:44  Hellion x3  
  102  19:49  Hellion  
  102  19:52  Siege Tank  
  95  20:13  Siege Tank  
  95  20:14  Hellion, Siege Tank  
  101  20:15  Siege Tank  
  101  20:16  Hellion  
  106  20:23  Hellion x2  
  110  20:29  SCV  
  110  20:30  Refinery, SCV x2  
  110  20:31  Refinery  
  110  20:32  SCV  
  114  20:39  Siege Tank  
  114  20:40  Hellion  
  119  20:48  Siege Tank  
  119  20:49  Siege Tank  
  125  20:51  Hellion  
  125  20:53  Hellion  
  117  21:29  Siege Tank x3  
  117  21:30  Hellion x6, Viking  
  132  21:35  Hellion  
  132  21:44  Viking  
  134  22:00  Viking  
  136  22:14  Viking  
  134  22:23  Thor x2  
  134  22:26  Hellion  
  148  22:30  Viking  
  148  22:32  Siege Tank  
  148  22:37  Hellion  
  155  22:44  Viking  
  157  22:54  Hellion x2  
  161  23:00  Viking  
  159  23:14  Viking  
  161  23:36  Thor  
  161  23:37  Thor x2  
  181  23:41  Hellion  
  181  23:45  Hellion  
  181  24:02  Viking x2  
  185  24:05  Hellion  
  181  24:15  Liberator  
  181  24:17  Orbital Command  
  173  24:35  Siege Tank  
  173  24:36  Hellion x2  
  151  25:12  SCV x2  
  151  25:13  SCV  
  151  25:21  Siege Tank x2  
  151  25:22  Hellion x3  
  151  25:24  Hellion x5  
Show
View Real Time Build Order
Export as new Build Order

Maya Zerg 

Build Orders: Hatch First, Swarm Host 

Get SALT Encoding   

  12  0:00  Drone  
  13  0:12  Overlord  
  13  0:17  Drone  
  14  0:30  Drone x2  
  14  0:34  Drone  
  17  0:52  Hatchery  
  17  0:55  Drone  
  17  0:58  Drone  
  18  1:09  Extractor  
  17  1:13  Spawning Pool  
  17  1:16  Drone  
  17  1:19  Drone  
  18  1:28  Drone  
  19  1:38  Overlord  
  19  1:50  Drone  
  20  2:00  Queen, Zergling x2  
  23  2:04  Queen, Zergling x2  
  26  2:10  Metabolic Boost  
  26  2:11  Drone  
  27  2:16  Drone  
  29  2:22  Drone  
  29  2:29  Drone  
  30  2:36  Hatchery  
  29  2:41  Overlord  
  29  2:46  Drone x2  
  31  2:51  Queen  
  33  2:58  Queen  
  33  3:01  Drone  
  36  3:06  Overlord  
  36  3:11  Drone  
  37  3:14  Drone  
  37  3:15  Drone x2  
  40  3:20  Drone x2  
  40  3:21  Drone  
  40  3:22  Drone  
  40  3:25  Drone  
  45  3:32  Drone  
  45  3:33  Drone  
  45  3:34  Overlord  
  47  3:43  Zergling x4  
  47  3:44  Zergling x6  
  52  3:55  Drone  
  52  3:56  Drone x4, Queen  
  58  4:04  Queen  
  58  4:05  Queen  
  62  4:10  Drone x3  
  62  4:14  Overlord x2  
  65  4:21  Drone  
  66  4:26  Extractor  
  64  4:32  Baneling Nest  
  64  4:36  Drone  
  64  4:37  Drone x3  
  64  4:38  Drone, Overlord x2  
  68  4:40  Zergling x8  
  72  4:52  Drone x5  
  77  4:55  Zergling x2  
  77  4:57  Queen  
  77  4:58  Queen  
  82  5:03  Drone  
  83  5:07  Zergling x8  
  83  5:08  Zergling x2  
  83  5:09  Zergling x2  
  89  5:17  Zergling x10  
  89  5:19  Baneling  
  89  5:20  Baneling x6  
  93  5:30  Extractor  
  93  5:35  Overlord x3  
  92  5:36  Lair  
  92  5:38  Hatchery  
  92  5:40  Extractor  
  90  5:43  Zergling x8  
  94  5:52  Zergling x6  
  97  5:59  Extractor  
  97  6:01  Overlord x2  
  96  6:05  Zergling x2  
  96  6:10  Drone x5  
  101  6:16  Drone x2  
  99  6:23  Overlord x3  
  99  6:28  Hatchery  
  99  6:29  Drone  
  99  6:34  Evolution Chamber  
  99  6:36  Evolution Chamber  
  99  6:39  Zergling x14  
  104  6:41  Drone x4, Baneling x10  
  104  6:46  Centrifical Hooks  
  106  6:48  Hydralisk Den  
  106  6:49  Drone  
  106  6:50  Drone  
  107  7:06  Baneling  
  107  7:07  Baneling x8  
  107  7:08  Zergling x18  
  96  7:21  Zergling x22  
  104  7:27  Drone x3  
  104  7:29  Muscular Augments  
  107  7:31  Zerg Missile Weapons Level 1  
  107  7:34  Zerg Melee Weapons Level 1  
  107  7:39  Zergling x10  
  107  7:41  Drone  
  113  7:44  Drone x2  
  113  7:45  Drone  
  113  7:50  Drone x2  
  118  7:55  Drone x3  
  121  8:01  Drone x7  
  121  8:03  Hydralisk x2  
  132  8:06  Hydralisk  
  134  8:14  Zergling x10  
  134  8:15  Hydralisk  
  138  8:22  Hydralisk x3  
  138  8:23  Hydralisk  
  125  8:37  Hydralisk x8  
  125  8:40  Drone x4  
  125  8:41  Drone  
  145  8:47  Infestation Pit  
  144  8:51  Overlord  
  144  8:58  Queen  
  144  8:59  Hatchery, Hydralisk x3  
  144  9:01  Zergling x4  
  144  9:02  Extractor  
  152  9:04  Extractor, Baneling x5  
  151  9:11  Overlord x4  
  151  9:23  Spine Crawler  
  150  9:24  Spine Crawler x2  
  150  9:25  Hive  
  150  9:28  Spire, Zerg Missile Weapons Level 2  
  147  9:34  Zerg Melee Weapons Level 2  
  147  9:45  Hydralisk x4  
  146  9:47  Zergling x2  
  155  9:56  Hatchery  
  150  10:03  Zergling x4  
  150  10:04  Zergling x24  
  164  10:08  Swarm Host x4  
  164  10:11  Swarm Host  
  179  10:16  Zergling x4  
  179  10:17  Zergling x6  
  179  10:18  Drone x2  
  184  10:29  Drone  
  184  10:30  Drone x5  
  184  10:31  Swarm Host  
  184  10:32  Swarm Host x3  
  190  11:16  Baneling x5, Hydralisk  
  190  11:17  Baneling x5, Hydralisk x3  
  197  11:29  Hydralisk x2  
  197  11:30  Hydralisk x15  
  197  11:31  Zergling x14  
  197  11:32  Zergling x12  
  184  11:41  Hydralisk  
  184  11:42  Hydralisk x3  
  184  11:54  Hydralisk x5  
  159  12:11  Greater Spire  
  153  12:22  Drone x3  
  143  12:23  Drone x5  
  148  12:39  Hatchery x2  
  146  12:51  Hydralisk  
  146  12:52  Hydralisk x6  
  146  12:53  Zergling x4  
  146  12:54  Zergling x18  
  167  13:19  Drone x4  
  164  13:27  Corruptor  
  164  13:28  Corruptor x4, Spore Crawler  
  166  13:43  Zerg Melee Weapons Level 3  
  166  13:44  Zerg Missile Weapons Level 3  
  164  13:52  Hydralisk x4  
  164  13:55  Baneling x11  
  170  14:11  Zerg Flyer Armor Level 1  
  169  14:24  Drone x16  
  163  14:35  Drone x9  
  161  15:12  Hydralisk x8  
  161  15:13  Overlord  
  177  15:21  Drone x2  
  179  15:29  Overlord x3  
  175  15:57  Zergling x20  
  175  15:58  Hydralisk x5  
  191  16:27  Baneling x14  
  191  16:28  Baneling  
  191  16:41  Hatchery  
  185  16:53  Drone x7  
  188  16:56  Zerg Flyer Armor Level 2  
  188  16:58  Zerg Ground Armor Level 1  
  187  17:28  Hydralisk x5  
  187  17:29  Hydralisk x10  
  182  17:30  Zergling x8  
  147  17:52  Brood Lord x5  
  147  17:53  Hydralisk  
  147  17:54  Hydralisk x2  
  163  18:01  Spine Crawler  
  163  18:03  Spine Crawler  
  161  18:18  Hydralisk x2  
  161  18:19  Hydralisk x4  
  173  18:20  Corruptor  
  173  18:23  Extractor  
  173  18:25  Extractor  
  173  18:38  Corruptor  
  173  18:39  Corruptor  
  177  18:47  Drone  
  177  18:48  Drone x6  
  152  19:08  Hydralisk  
  152  19:09  Hydralisk x6  
  151  19:13  Hydralisk  
  129  19:27  Hydralisk  
  129  19:28  Hydralisk x2  
  115  19:37  Zergling x14  
  108  19:47  Hydralisk  
  108  19:48  Hydralisk x2  
  114  20:01  Hydralisk x2  
  118  20:13  Hatchery  
  117  20:19  Hydralisk x2  
  121  20:26  Extractor  
  120  20:33  Extractor x2  
  120  20:34  Drone  
  120  20:35  Drone x7, Spine Crawler  
  125  20:36  Spine Crawler  
  125  20:37  Spine Crawler  
  123  20:50  Adrenal Glands  
  123  21:03  Hydralisk x2  
  113  21:27  Drone x18  
  113  21:32  Drone x7  
  136  21:44  Brood Lord x2  
  140  21:51  Brood Lord  
  140  21:53  Zergling x26  
  155  22:14  Corruptor x2  
  138  22:28  Hatchery  
  128  22:30  Hydralisk x6  
  128  22:31  Drone  
  128  22:32  Drone  
  139  23:07  Brood Lord  
  139  23:08  Brood Lord  
  143  23:18  Hydralisk x4  
  149  23:30  Drone x2  
  151  23:38  Spine Crawler  
  151  23:40  Spine Crawler  
  149  23:42  Spine Crawler  
  149  23:44  Spine Crawler  
  147  23:53  Drone  
  147  23:54  Drone x9  
  143  24:03  Spine Crawler  
  133  24:10  Drone x2  
  133  24:18  Hydralisk  
  127  24:27  Drone x4  
  119  24:47  Spine Crawler  
  119  24:48  Spine Crawler  
  119  24:50  Spine Crawler  
  108  25:05  Hydralisk x4  
  114  25:12  Hydralisk  
  114  25:13  Hydralisk  
  98  25:22  Hydralisk x3  
  98  25:28  Hydralisk  
  104  25:29  Hydralisk  
  108  25:38  Extractor  
  108  25:41  Extractor  
Tags
 
Add a new tag
Caveats
  • Supply blocks, unpowered buildings, or Contaminate may cause inaccurate times.
  • Supply counts are checked every 10 seconds.